 Dungeon Crawl Stone Soup version 0.21.1-1-g345015f (webtiles) character file.

1532 Supreme the Geomancer (level 8, -4/42 HPs)
             Began as a Gargoyle Earth Elementalist on Mar 31, 2018.
             Was a Follower of Vehumet.
             Slain by a hellwing (6 damage)
             ... on level 6 of the Dungeon.
             The game lasted 01:11:18 (4131 turns).

Supreme the Geomancer (Gargoyle Earth Elementalist) Turns: 4131, Time: 01:11:18

Health: -4/42      AC:  9    Str: 12    XL:     8   Next: 85%
Magic:  7/17       EV: 12    Int: 21    God:    Vehumet [*.....]
Gold:   9          SH:  3    Dex: 10    Spells: 10/19 levels left

rFire    . . .     SeeInvis .   t - -2 whip (curse)
rCold    . . .     Gourm    .   (no shield)
rNeg     + . .     Faith    .   c - +0 robe
rPois    ∞         Spirit   .   N - +2 hat
rElec    +         Reflect  +   (no cloak)
rCorr    .         Harm     .   (no gloves)
MR       .....                  (no boots)
Stlth    +++.......             I - amulet "Zekliske" {Reflect Int+3 SH+3 Stlth+}
HPRegen  0.14/turn              (no ring)
MPRegen  0.15/turn              (no ring)

@: no status effects
A: negative energy resistance 1, electricity resistance, unbreathing,
petrification resistance, rot immunity, AC +5
a: Renounce Religion


You were on level 6 of the Dungeon.
You worshipped Vehumet.
Vehumet was aware of your devotion.
You were not hungry.

You visited 1 branch of the dungeon, and saw 7 of its levels.

You collected 327 gold pieces.
You spent 318 gold pieces at shops.

Inventory:

Hand Weapons
 f - a +0 club
 g - a +0 spear
 h - a +0 dagger
 k - a +0 falchion
 l - a +0 spear
 n - a +0 club
 o - a +0 club
 p - a +2 dagger of freezing
 q - a +0 whip
 r - a +0 club
 s - a +0 dagger
 t - a cursed -2 whip (weapon)
 u - a +0 mace
 v - a +0 club
 x - a +1 whip of venom
 y - a +0 club
 A - a +0 club
 C - a +0 dagger
 F - a +0 dagger
 G - a +0 mace
 J - a +0 club
 K - a +0 mace
 L - a +0 club
 V - a +0 flail
Missiles
 b - 10 stones (quivered)
Armour
 c - a +0 robe (worn)
 w - a +0 robe
 E - a +0 buckler
 H - a +0 robe
 N - a +2 hat (worn)
Jewellery
 I - the amulet "Zekliske" (around neck) {Reflect Int+3 SH+3 Stlth+}
   (You bought it in a shop on level 5 of the Dungeon)

   [amulet of reflection]

   It shields you and reflects attacks.
   It affects your intelligence (+3).
   It affects your SH (+3).
   It makes you more stealthy.
Scrolls
 z - a scroll of fear
 B - a scroll of teleportation
 D - a scroll of blinking
Potions
 a - 5 potions of curing
 i - a potion of berserk rage
 j - a potion of mutation
 M - 2 potions of might {unknown}
 P - a potion of heal wounds {unknown}
 R - a potion of magic {unknown}
Books
 e - a book of Geomancy

   Spells                             Type                      Level
   a - Sandblast                      Earth                        1
   b - Passwall                       Transmutation/Earth          2
   c - Stone Arrow                    Conjuration/Earth            3
   d - Petrify                        Transmutation/Earth          4
   e - Lee's Rapid Deconstruction     Earth                        5
Comestibles
 d - 12 rations


   Skills:
 + Level 0.9 Fighting
 + Level 1.5 Maces & Flails
 + Level 3.0 Dodging
 + Level 3.5 Stealth
 + Level 0.3 Shields
 + Level 6.4 Spellcasting
 + Level 2.2 Conjurations
   Level 0.7 Transmutations
 + Level 8.7 Earth Magic


You had 10 spell levels left.
You knew the following spells:

 Your Spells              Type           Power        Failure   Level  Hunger
a - Sandblast             Erth           #####.       1%          1    None
b - Stone Arrow           Conj/Erth      ####..       3%          3    #......
c - Lee's Rapid Deconstr  Erth           #####.....   7%          5    #####..


Dungeon Overview and Level Annotations

Branches:
Dungeon (7/15)
 Temple: D:4-7

Altars:
Ashenzari
Okawaru
Trog
Uskayaw
Vehumet
Xom
Yredelemnul
Zin
The Shining One

Shops:
D:3 *   D:5 =


Innate Abilities, Weirdness & Mutations

You are resistant to torment.
Your stone body is resilient. (AC +5)
You are immune to poison.
You resist negative energy. (rN+)
You are resistant to electric shocks. (rElec)
You can survive without breathing.
You are immune to petrification.
You are immune to rotting.


Message History

Confirm with . or Enter, or press ? or * to list all spells.
Aiming: Sandblast
Press: ? - help, Shift-Dir - straight line, f/p - hellwing
Aim: a hellwing The blast of sand misses the hellwing.
b - 10 stones The hellwing hits you!
* * * LOW HITPOINT WARNING * * *
The hellwing hits you!
* * * LOW HITPOINT WARNING * * *
Unknown command.
Fire/throw which item? (* to show all) (? for menu, Esc to quit)
Press: ? - help, Shift-Dir - straight line, f/p - hellwing
Aim: a hellwing You throw a throwing net.
The throwing net hits the hellwing.
The hellwing is caught in the net!
The hellwing struggles against the net.
The hellwing struggles against the net.
The hellwing swoops through the air toward you!
The hellwing hits you.
You die...

#.# #<# .#
#.###.##.#
#........# #
#######..###...
#......#.
#..###...
#####.......#
#...4.......>
#.###@.##.###
#..##.# #>.##.#
#.(†..#######
#............
##...........
####.#######
#.# #.#


You could see a hellwing.

Vanquished Creatures
  A centaur zombie (D:7)
  An ogre (D:5)
  The ghost of Pad the Ruffian, an amateur NaTm (D:3)
  A centaur (D:5)
  A scorpion (D:5)
  3 killer bees (D:5)
  A howler monkey (D:5)
  A crimson imp (D:5)
  5 hounds
  6 orc wizards
  Jessica (D:3)
  A centaur skeleton (D:4)
  An iguana (D:5)
  2 worker ants (D:4)
  6 gnolls (D:5)
  6 adders
  2 shadow imps
  An ooze (D:1)
  2 worms
  2 dart slugs (D:1)
  5 leopard geckos
  10 orcs
  2 giant cockroaches
  8 goblins
  3 hobgoblins
  16 jackals
  3 quokkas
  3 ball pythons
  4 bats
  3 frilled lizards
  7 kobolds
  A quokka zombie (D:3)
  3 rats
113 creatures vanquished.

Notes
Turn   | Place    | Note
-------+----------+-------------------------------------------
     0 | D:1      | Supreme the Gargoyle Earth Elementalist began the quest for the Orb.
     0 | D:1      | Reached XP level 1. HP: 10/10 MP: 3/3
   185 | D:1      | Reached skill level 4 in Earth Magic
   185 | D:1      | Reached XP level 2. HP: 15/15 MP: 3/5
   310 | D:2      | Reached XP level 3. HP: 14/19 MP: 0/6
   315 | D:2      | Learned a level 3 spell: Stone Arrow
   523 | D:1      | Found a shattered altar of Ashenzari.
  1232 | D:3      | Reached XP level 4. HP: 24/24 MP: 4/7
  1233 | D:3      | Noticed Jessica
  1248 | D:3      | Found an iron altar of Okawaru.
  1455 | D:3      | Killed Jessica
  1669 | D:3      | Noticed Pad's ghost (amateur NaTm)
  1682 | D:3      | Killed Pad's ghost
  1682 | D:3      | Reached skill level 5 in Earth Magic
  1682 | D:3      | Reached XP level 5. HP: 20/28 MP: 0/10
  1829 | D:3      | Reached XP level 6. HP: 32/32 MP: 0/11
  1891 | D:3      | Found Zin's Purification Station.
  1893 | D:3      | Found a glowing silver altar of Zin.
  2135 | D:4      | Found a hide-covered altar of Uskayaw.
  2138 | D:4      | Found a radiant altar of Vehumet.
  2138 | D:4      | Found a glowing golden altar of the Shining One.
  2138 | D:4      | Found a basalt altar of Yredelemnul.
  2149 | D:4      | Became a worshipper of Vehumet
  2198 | D:4      | Learned a level 5 spell: Lee's Rapid Deconstruction
  2241 | D:5      | Entered Level 5 of the Dungeon
  2245 | D:4      | Reached skill level 1 in Maces & Flails
  2545 | D:4      | Reached skill level 6 in Earth Magic
  2545 | D:4      | Reached XP level 7. HP: 36/36 MP: 6/13
  2686 | D:4      | Found a shimmering altar of Xom.
  2851 | D:4      | Found a bloodstained altar of Trog.
  2915 | D:5      | Found Jookk's Jewellery Shoppe.
  3150 | D:5      | Reached skill level 5 in Spellcasting
  3202 | D:5      | Reached skill level 1 in Conjurations
  3202 | D:5      | Reached skill level 7 in Earth Magic
  3413 | D:5      | Reached XP level 8. HP: 21/42 MP: 13/16
  3445 | D:5      | Reached * piety under Vehumet
  3445 | D:5      | Offered knowledge of Flame Tongue by Vehumet.
  3916 | D:5      | Reached skill level 8 in Earth Magic
  4041 | D:5      | Bought the amulet "Zekliske" {Reflect Int+3 SH+3 Stlth+} for 318 gold pieces
  4109 | D:7      | Noticed a hellwing
  4128 | D:6      | HP: 1/42 [hellwing (7)]
  4131 | D:6      | Slain by a hellwing

Skill      XL: |  1  2  3  4  5  6  7  8 |
---------------+-------------------------+-----
Earth Magic    | 4 5 6 7 8 |  8.7
Dodging        | 2 3 |  3.0
Stealth        | 3 |  3.5
Spellcasting   | 3 4 5 6 |  6.4
Maces & Flails | 1 |  1.5
Conjurations   | 1 2 |  2.2
Fighting       | |  0.9
Shields        | |  0.3
Transmutations | |  0.7

Action                   |  1- 3 |  4- 6 |  7- 9 || total
-------------------------+-------+-------+-------++-------
Melee: Club              |     6 |       |       ||     6
       Dagger            |     4 |       |       ||     4
       Whip              |    36 |    36 |    25 ||    97
Throw: Throwing net      |       |       |     1 ||     1
 Cast: Sandblast         |    50 |    45 |    68 ||   163
       Stone Arrow       |       |    18 |    20 ||    38
  Use: Scroll            |     8 |     1 |     6 ||    15
       Potion            |       |       |     2 ||     2
 Stab: Sleeping          |     2 |     1 |       ||     3
  Eat: Chunk             |     2 |     5 |     6 ||    13
Armor: Robe              |    24 |    15 |    27 ||    66
       Skin              |       |       |    15 ||    15
Dodge: Dodged            |    46 |    32 |    47 ||   125
Block: Other             |       |       |     3 ||     3
